 Dungeon Crawl Stone Soup version 0.19.0 (webtiles) character file.

123041 Eucla the Warrior (level 16, -14/137 HPs)
             Began as an Octopode Berserker on Nov 12, 2016.
             Was a High Priest of Trog.
             Demolished by a wolf spider (25 damage)
             ... on level 4 of the Spider Nest.
             The game lasted 00:47:15 (25934 turns).

Eucla the Warrior (Octopode Berserker)             Turns: 25934, Time: 00:47:16

Health: -14/137    AC: -22   Str: 18    XL:     16   Next: 89%
Magic:  16/16      EV: 32    Int: 13    God:    Trog [*****.]
Gold:   1300       SH: 19    Dex: 21    Spells: 0 memorised, 15 levels left

rFire  + . .     SeeInvis +     r - +10 lance "Wyrmbane" {slay drac, rPois rF+ rC+ AC+3}
rCold  + . .     Gourm    .     W - +0 large shield
rNeg   . . .     Faith    .     E - +3 hat "Gyweocv Hudo" {Dex+4 SInv Stlth-}
rPois  +         Spirit   .     D - amulet of rage
rElec  .         Reflect  .     e - ring of see invisible
rCorr  .         Harm     .     p - +5 ring of evasion
MR     +++..     Clarity  +     l - ring of poison resistance
Stlth  +++.......               w - +3 ring of evasion
                                C - +4 ring of intelligence
                                B - ring of stealth
                                (no ring)
                                (no ring)

@: exhausted, corroded, very slightly contaminated, regenerating, slowed, very
slow
A: almost no armour, stealthy swim, amphibious, 8 rings, constrict 8, beak,
rugged brown scales 1, slimy green scales 1, camouflage 1, clarity, robust 1,
gelatinous body 1, no device heal 1, subdued magic 1
a: Berserk, Trog's Hand, Brothers in Arms, Burn Spellbooks, Renounce Religion,
Evoke Berserk Rage


You were on level 4 of the Spider Nest.
You worshipped Trog.
Trog was extremely pleased with you.
You were full.

You visited 4 branches of the dungeon, and saw 27 of its levels.
You also visited: Labyrinth.

You collected 2535 gold pieces.
You spent 1235 gold pieces at shops.

Inventory:

Hand Weapons
 r - the +10 lance "Wyrmbane" (weapon) {slay drac, rPois rF+ rC+ AC+3}
   (You found it on level 5 of the Dungeon)

   It affects your AC (+3).
   It protects you from fire.
   It protects you from cold.
   It protects you from poison.
 A - a +1 demon trident of venom
Armour
 E - the +3 hat "Gyweocv Hudo" (worn) {Dex+4 SInv Stlth-}
   (You acquired it on level 8 of the Dungeon)

   It affects your dexterity (+4).
   It lets you see invisible.
   It makes you less stealthy.
 W - a +0 large shield (worn)
Jewellery
 e - a ring of see invisible (left tentacle)
 l - a ring of poison resistance (on tentacle)
 p - a +5 ring of evasion (right tentacle)
 w - a +3 ring of evasion (on tentacle)
 B - a ring of stealth (on tentacle)
 C - a +4 ring of intelligence (on tentacle)
 D - an amulet of rage (around mantle)
 T - an uncursed amulet of regeneration {unknown}
Wands
 a - a wand of disintegration (12/24)
 P - a wand of digging (5/24)
 R - a wand of iceblast (1/15)
Scrolls
 h - a scroll of fog
 i - 4 scrolls of teleportation
 n - a scroll of identify
 t - 6 scrolls of remove curse
 x - 2 scrolls of recharging
 H - 5 scrolls of enchant weapon
 J - a scroll of enchant armour
 K - 2 scrolls of blinking
 M - a scroll of silence {unknown}
Potions
 c - 3 potions of magic
 f - a potion of ambrosia {unknown}
 g - a potion of berserk rage
 j - 2 potions of cure mutation
 k - 3 potions of might
 o - a potion of resistance
 q - 2 potions of brilliance
 s - 7 potions of flight
 u - 7 potions of haste
 v - 8 potions of agility
 G - 2 potions of cancellation
 I - 6 potions of curing
 L - a potion of beneficial mutation {unknown}
 O - a potion of mutation
Books
 m - a Young Poisoner's Handbook

   Spells                             Type                      Level
   a - Sting                          Conjuration/Poison           1
   b - Mephitic Cloud                 Conjuration/Poison/Air       3
   c - Olgreb's Toxic Radiance        Poison                       4
   d - Alistair's Intoxication        Transmutation/Poison         5
   e - Venom Bolt                     Conjuration/Poison           5
   Trog disapproves of the use of such an item.
 y - a book of Necromancy

   Spells                             Type                      Level
   a - Pain                           Necromancy                   1
   b - Animate Skeleton               Necromancy                   1
   c - Vampiric Draining              Necromancy                   3
   d - Regeneration                   Charms/Necromancy            3
   e - Animate Dead                   Necromancy                   4
   f - Control Undead                 Necromancy                   4
   Trog disapproves of the use of such an item.
 F - the Volume of Poisoning and the Frostbite
   (You found it on level 6 of the Lair of Beasts)

   Spells                             Type                      Level
   a - Sting                          Conjuration/Poison           1
   b - Freeze                         Ice                          1
   c - Ozocubu's Armour               Charms/Ice                   3
   d - Mephitic Cloud                 Conjuration/Poison/Air       3
   e - Poisonous Cloud                Conjuration/Poison/Air       6
   f - Simulacrum                     Ice/Necromancy               6
   Trog disapproves of the use of such an item.
Comestibles
 b - 5 bread rations
 N - a meat ration


   Skills:
 + Level 15.6 Fighting
   Level 10.0 Long Blades
 - Level 14.0 Polearms
 + Level 14.2 Dodging
 * Level 12.6 Shields


You had 15 spell levels left.
You didn't know any spells.

Dungeon Overview and Level Annotations

Branches:
Dungeon (15/15)            Temple (0/1) D:5            Lair (6/6) D:8
 Shoals (0/4) Lair:2       Spider (4/4) Lair:4        Slime (0/5) Lair:5
    Orc (2/2) D:12            Elf (0/3) Orc:2        Vaults (0/5) D:13
 Depths (0/5) D:15

Altars:
Ashenzari
Cheibriados
Fedhas
Hepliaklqana
Kikubaaqudgha
Makhleb
Qazlal
Sif Muna
Trog
Vehumet
Xom
Yredelemnul
Beogh

Shops:
D:8 ?*[   Orc:2 !:}[(

Portals:
Trove: D:13 (give horn of Geryon)

Annotations:
Lair:6 1 exclusion


Innate Abilities, Weirdness & Mutations

You cannot wear most types of armour.
You are very stealthy in the water. (Stealth+)
You are amphibious.
You can wear up to eight rings at the same time.
You can use your tentacles to constrict eight enemies at once.
Your skin changes colour to match your surroundings (Stealth+).
Your rubbery body absorbs attacks. (AC +1, EV +1)
You have a beak for a mouth.
You are partially covered in rugged brown scales. (AC +1, +3% HP)
You are partially covered in slimy green scales. (AC +2)
You possess an exceptional clarity of mind.
You are robust. (+10% HP)
Potions and wands are less effective at restoring your health.
Your spells are a little easier to cast, but a little less powerful.


Message History

Unknown command.
You struggle to detach yourself from the web.
The orb spider bites you.
* * * LOW HITPOINT WARNING * * *
The entropy weaver gestures wildly while chanting.
The entropic weave corrodes you!
Unknown command.
You disentangle yourself.
You block the wolf spider's attack. The wolf spider bites you!
* * * LOW HITPOINT WARNING * * *
You block the wolf spider's attack. The wolf spider completely misses you.
An orb spider comes into view.
Unknown command.
Unknown command.
The orb spider moves out of view.
You block the wolf spider's attack. x2
The entropy weaver is caught in a web!
There is a stone staircase leading up here.
Unknown command.
The wolf spider hits you!!
You die...

### ##### #§# ##.#^##
#^# ##^^^.^# #a#
#..^@s### #†#
##.^^^^a.###.#
#..#^.^#..##.#
#....s^......###
###.#..#...#...#.#
#.........###....##
##.s......####....#
#.##.^##...###....###
#....##....##.#....#


You could see an entropy weaver (webbed), a wolf spider and 2 orb spiders.

Vanquished Creatures
  Mara (Spider:3)
  Arachne (Spider:2)
  Rupert (D:15)
  Agnes (D:15)
  Frances (Spider:1)
  Roxanne (Spider:3)
  Aizul (Spider:2)
  A ghost moth (Spider:1)
  An emperor scorpion (Spider:2)
  The ghost of PrincessPwny the Impaler, a journeyman MiBe of Trog (Orc:2)
  2 entropy weavers (Spider:1)
  Nessos (D:15)
  A minotaur (Lab)
  Josephine (Lair:5)
  2 ogre magi (Orc:2)
  Erolcha (Orc:2)
  2 ice dragons (D:15)
  Harold (Lair:3)
  8 hydras
  3 centaur warriors
  A queen ant (Spider:1)
  Nergalle (D:11)
  The ghost of unimpressed the Thaumaturge, a novice DEFE of Sif Muna (Lair:1)
  Sonja (D:11)
  An unseen horror (D:12)
  6 hill giants
  An orc knight (Orc:1)
  Pikel (D:4)
  4 wolf spider zombies (Spider:3)
  A necromancer (Spider:3)
  7 orc sorcerers (Orc:2)
  9 orb spiders
  An ugly thing (D:11)
  2 deep elf magi
  4 cyclopes
  12 wolf spiders
  A moth of wrath (Spider:3)
  3 elephants (Lair:2)
  3 black mambas
  4 gargoyles
  3 torpor snails (Spider:1)
  Psyche (D:8)
  4 spiny frogs
  2 rime drakes (Lair:6)
  11 redback zombies (Spider:3)
  An efreet (D:14)
  A rime drake (shapeshifter) (D:15)
  10 demonic crawlers
  4 komodo dragons
  16 jumping spiders
  A queen bee (D:11)
  6 trolls
  2 polar bears (Lair:6)
  Grinder (D:5)
  4 two-headed ogres
  Prince Ribbit (D:7)
  7 slime creatures (D:13)
  3 blink frogs (Lair:4)
  5 hornets
  10 tarantella zombies (Spider:3)
  12 hippogriffs
  Sigmund (D:4)
  43 redbacks
  2 wyverns
  13 spriggans
  3 shadows
  16 tarantellas
  A vampire (D:13)
  5 wraiths
  Eustachio (D:5)
  32 yaks
  A human (D:11)
  Grum (D:8)
  Menkaure (D:4)
  3 vampire mosquitoes (D:12)
  A mottled dragon (D:14)
  3 basilisks
  A hungry ghost (D:7)
  3 wargs
  A soldier ant (shapeshifter) (D:15)
  24 soldier ants
  6 porcupines
  Duvessa (D:7)
  A sky beast (D:12)
  7 water moccasins
  6 orc warriors
  3 black bears
  A phantom (D:7)
  2 slaves (D:4)
  4 ice beasts
  A necrophage (D:10)
  6 ogres
  3 boggarts (Lair:6)
  38 wolves
  22 centaurs
  9 crocodiles
  4 big kobolds
  Blork the orc (D:4)
  20 bullfrogs
  Dowan (D:7)
  A wyvern skeleton (D:12)
  3 scorpions
  5 wights (D:8)
  15 killer bees (D:11)
  An electric eel (D:12)
  3 howler monkeys (D:11)
  4 centaur zombies
  4 crimson imps
  13 orc priests
  A bullfrog skeleton (D:5)
  8 hounds
  5 jellies
  37 orc wizards
  5 centaur skeletons
  2 iguanas
  Natasha (thrice) (D:3)
  31 worker ants
  2 worker ant zombies (D:11)
  3 gnolls (D:6)
  11 adders
  3 shadow imps
  An ooze (D:4)
  An adder zombie (D:5)
  An adder skeleton (D:4)
  5 leopard geckos
  67 orcs
  A ball python (D:5)
  8 bats
  3 giant cockroaches
  5 goblins (D:1)
  4 hobgoblins
  24 kobolds
  4 quokkas
  4 frilled lizards
  A jackal skeleton (D:5)
  A jackal zombie (D:7)
  A leopard gecko skeleton (D:5)
  A quokka skeleton (D:4)
  5 rats
790 creatures vanquished.

Vanquished Creatures (collateral kills)
  A spriggan (Lair:6)
  A polar bear (Lair:6)
  2 jumping spiders (Spider:4)
  A hornet (Lair:6)
  2 porcupines (Lair:1)
  A wolf (Lair:6)
8 creatures vanquished.

Vanquished Creatures (others)
  A plant (D:11)
1 creature vanquished.

Grand Total: 799 creatures vanquished

Notes
Turn   | Place    | Note
-------+----------+-------------------------------------------
     0 | D:1      | Eucla the Octopode Berserker began the quest for the Orb.
     0 | D:1      | Reached XP level 1. HP: 16/16 MP: 1/1
   115 | D:1      | Reached XP level 2. HP: 18/21 MP: 2/2
   512 | D:2      | Reached XP level 3. HP: 17/26 MP: 3/3
   702 | D:2      | Found a radiant altar of Vehumet.
   768 | D:2      | Reached ** piety under Trog
   960 | D:2      | Reached XP level 4. HP: 27/33 MP: 4/4
  1065 | D:2      | Found a deep blue altar of Sif Muna.
  1487 | D:3      | Noticed Natasha
  1495 | D:3      | Killed Natasha
  1495 | D:3      | Reached skill level 4 in Fighting
  1663 | D:3      | Noticed Natasha
  1670 | D:3      | Killed Natasha
  1670 | D:3      | Reached XP level 5. HP: 16/37 MP: 5/5
  1737 | D:3      | Noticed Natasha
  1743 | D:3      | Killed Natasha
  2124 | D:4      | Noticed Blork the orc
  2131 | D:4      | Killed Blork the orc
  2131 | D:4      | Reached XP level 6. HP: 44/44 MP: 6/6
  2291 | D:4      | Noticed a slave
  2292 | D:4      | Noticed a slave
  2294 | D:4      | Noticed a slave
  2294 | D:4      | Noticed a slave
  2295 | D:4      | Noticed Pikel
  2298 | D:4      | Killed a slave
  2300 | D:4      | Killed a slave
  2307 | D:4      | Killed Pikel
  2307 | D:4      | Reached skill level 5 in Fighting
  2307 | D:4      | Reached skill level 5 in Long Blades
  2307 | D:4      | Reached skill level 5 in Dodging
  2307 | D:4      | Reached XP level 7. HP: 50/50 MP: 7/7
  2386 | D:4      | Noticed Sigmund
  2392 | D:4      | Killed Sigmund
  2392 | D:4      | Reached skill level 6 in Fighting
  2392 | D:4      | Reached XP level 8. HP: 57/57 MP: 8/8
  2600 | D:4      | Noticed Menkaure
  2608 | D:4      | Killed Menkaure
  2881 | D:5      | Entered Level 5 of the Dungeon
  2920 | D:5      | Noticed Grinder
  2922 | D:5      | Paralysed by Grinder for 7 turns
  2938 | D:5      | Killed Grinder
  3037 | D:5      | Noticed a hippogriff
  3047 | D:5      | Killed a hippogriff
  3180 | D:5      | Reached skill level 7 in Fighting
  3186 | D:5      | Found a staircase to the Ecumenical Temple.
  3205 | D:5      | Noticed Eustachio
  3212 | D:5      | Killed Eustachio
  3212 | D:5      | Reached XP level 9. HP: 64/64 MP: 9/9
  3308 | D:5      | Found a shimmering altar of Xom.
  3349 | D:5      | Reached *** piety under Trog
  3491 | D:5      | Found a bloodstained altar of Trog.
  3527 | D:5      | Found a blossoming altar of Fedhas.
  3576 | D:5      | Found a burning altar of Makhleb.
  3670 | D:6      | Found a hazy altar of Hepliaklqana.
  3727 | D:6      | Reached skill level 1 in Polearms
  3971 | D:6      | Found a stormy altar of Qazlal.
  4499 | D:7      | Noticed Dowan
  4503 | D:7      | Noticed Duvessa
  4772 | D:7      | Killed Duvessa
  4825 | D:7      | Killed Dowan
  5193 | D:7      | Reached **** piety under Trog
  5195 | D:7      | Reached skill level 8 in Fighting
  5285 | D:7      | Reached XP level 10. HP: 60/72 MP: 10/10
  5297 | D:7      | Noticed Prince Ribbit
  5304 | D:7      | Killed Prince Ribbit
  5626 | D:8      | Noticed Psyche
  5628 | D:8      | Found Buazxy's General Store.
  5633 | D:8      | Killed Psyche
  5663 | D:8      | Reached skill level 5 in Polearms
  5676 | D:8      | Bought a scroll of enchant weapon for 97 gold pieces
  5676 | D:8      | Bought a potion of curing for 39 gold pieces
  5676 | D:8      | Bought a scroll of teleportation for 39 gold pieces
  5676 | D:8      | Bought a potion of mutation for 32 gold pieces
  5676 | D:8      | Bought a scroll of identify for 26 gold pieces
  5676 | D:8      | Bought a potion of haste for 130 gold pieces
  5676 | D:8      | Identified a scroll of acquirement
  5680 | D:8      | Got a shimmering hat
  5686 | D:8      | Identified the +3 hat "Gyweocv Hudo" {Dex+4 SInv Stlth-} (You acquired it on level 8 of the Dungeon)
  5689 | D:8      | Gained mutation: You are weak. (Str -2) [potion of mutation]
  5689 | D:8      | Gained mutation: Your spells are a little easier to cast, but a little less powerful. [potion of mutation]
  5689 | D:8      | Gained mutation: Potions and wands are less effective at restoring your health. [potion of mutation]
  5690 | D:8      | Gained mutation: You possess an exceptional clarity of mind. [potion of mutation]
  5690 | D:8      | Gained mutation: You are robust. (+10% HP) [potion of mutation]
  5690 | D:8      | Gained mutation: You have a beak for a mouth. [potion of mutation]
  5691 | D:8      | Gained mutation: You evolve. [potion of mutation]
  5691 | D:8      | Gained mutation: You are partially covered in rugged brown scales. (AC +1, +3% HP) [potion of mutation]
  5691 | D:8      | Gained mutation: You are partially covered in slimy green scales. (AC +2) [potion of mutation]
  5750 | D:8      | Noticed Grum
  5761 | D:8      | Killed Grum
  5939 | D:8      | Found Denokud's Magic Scroll Shop.
  5948 | D:8      | Bought a scroll of identify for 20 gold pieces
  6144 | D:8      | Reached ***** piety under Trog
  6150 | D:8      | Found a staircase to the Lair.
  6192 | D:8      | Found Tarr's Armour Shop.
  6468 | D:8      | Lost mutation: You are weak. (Str -2) [evolution]
  6468 | D:8      | Lost mutation: You evolve. [end of evolution]
  7003 | D:9      | Found a faded altar of an unknown god.
  7003 | D:9      | Found a faded altar of an unknown god.
  7008 | D:9      | Found a faded altar of an unknown god.
  7010 | D:9      | Found a faded altar of an unknown god.
  7012 | D:9      | Found a shattered altar of Ashenzari.
  7167 | D:9      | Reached skill level 9 in Fighting
  7498 | D:10     | Entered Level 10 of the Dungeon
  7498 | D:10     | Noticed a hill giant
  7505 | D:10     | Killed a hill giant
  7505 | D:10     | Reached XP level 11. HP: 90/90 MP: 11/11
  7699 | D:10     | Reached skill level 10 in Long Blades
  7810 | D:10     | Noticed a hill giant
  7818 | D:10     | Killed a hill giant
  8395 | Lair:1   | Entered Level 1 of the Lair of Beasts
  8553 | Lair:1   | Noticed unimpressed's ghost (novice DEFE)
  8561 | Lair:1   | Killed unimpressed's ghost
  9047 | Lair:1   | Found a basalt altar of Yredelemnul.
  9473 | Lair:2   | Received a gift from Trog
  9480 | Lair:2   | Reached skill level 10 in Fighting
  9497 | Lair:2   | Identified the Volume of the Aged Songs
  9703 | Lair:2   | Reached XP level 12. HP: 94/98 MP: 12/12
  9719 | Lair:2   | Reached skill level 10 in Dodging
  9861 | Lair:2   | Found a staircase to the Shoals.
 10254 | Lair:3   | Noticed an eight-headed hydra
 10259 | Lair:3   | Killed an eight-headed hydra
 10259 | Lair:3   | Reached skill level 10 in Polearms
 10377 | Lair:3   | Noticed Harold
 10387 | Lair:3   | Killed Harold
 10959 | Lair:4   | Noticed a four-headed hydra
 10970 | Lair:4   | Killed a four-headed hydra
 11034 | Lair:4   | Found a hole to the Spider Nest.
 11091 | Lair:4   | Found a labyrinth entrance.
 11101 | Lab      | Entered a labyrinth
 11260 | Lab      | Noticed a minotaur
 11286 | Lab      | Received a gift from Trog
 11290 | Lab      | Killed a minotaur
 11290 | Lab      | Reached skill level 11 in Fighting
 11726 | Lair:5   | Reached skill level 1 in Shields
 11737 | Lair:5   | Noticed an eight-headed hydra
 11744 | Lair:5   | Killed an eight-headed hydra
 11988 | Lair:5   | Found a staircase to the Slime Pits.
 12306 | Lair:5   | Noticed Josephine
 12312 | Lair:5   | Killed Josephine
 12312 | Lair:5   | Reached XP level 13. HP: 107/107 MP: 13/13
 12818 | Lair:6   | Entered Level 6 of the Lair of Beasts
 13066 | Lair:6   | Identified the Volume of Poisoning and the Frostbite
 13874 | Lair:6   | Reached skill level 12 in Fighting
 13874 | Lair:6   | Reached skill level 5 in Shields
 14126 | Lair:3   | Received a gift from Trog
 14715 | D:11     | Noticed Nergalle
 14728 | D:11     | Killed Nergalle
 14788 | D:11     | Received a gift from Trog
 14937 | D:11     | Reached XP level 14. HP: 99/117 MP: 14/14
 15027 | D:11     | Noticed Sonja
 15035 | D:11     | Killed Sonja
 15427 | D:12     | Found a staircase to the Orcish Mines.
 16181 | D:13     | Received a gift from Trog
 16470 | D:13     | Found a portal to a secret trove of treasure.
 16633 | D:13     | Found a gate to the Vaults.
 16684 | D:13     | Reached skill level 13 in Fighting
 16764 | D:14     | Received a gift from Trog
 16812 | D:14     | Found a snail-covered altar of Cheibriados.
 17211 | D:15     | Entered Level 15 of the Dungeon
 17217 | D:15     | Noticed Nessos
 17248 | D:15     | Killed Nessos
 17769 | D:15     | Noticed Rupert
 17785 | D:15     | Killed Rupert
 18005 | D:15     | Noticed Agnes
 18017 | D:15     | Killed Agnes
 18017 | D:15     | Reached XP level 15. HP: 125/125 MP: 15/15
 18207 | D:15     | Found a staircase to the Depths.
 18474 | Orc:1    | Entered Level 1 of the Orcish Mines
 18780 | Orc:2    | Entered Level 2 of the Orcish Mines
 18847 | Orc:2    | Noticed PrincessPwny's ghost (journeyman MiBe)
 18861 | Orc:2    | Killed PrincessPwny's ghost
 18962 | Orc:2    | Reached ****** piety under Trog
 19152 | Orc:2    | Found Haxt's Gadget Emporium.
 19185 | Orc:2    | Found Qamaesoh's Distillery.
 19212 | Orc:2    | Found an ancient bone altar of Kikubaaqudgha.
 19227 | Orc:2    | Received a gift from Trog
 19238 | Orc:2    | Found Konwidgh's Book Emporium.
 19245 | Orc:2    | Noticed Erolcha
 19257 | Orc:2    | Killed Erolcha
 19271 | Orc:2    | Paralysed by an orc sorcerer for 3 turns
 19278 | Orc:2    | Found a radiant altar of Vehumet.
 19329 | Orc:2    | Found Suekij's Antique Armour Shoppe.
 19330 | Orc:2    | Found a roughly hewn altar of Beogh.
 19523 | Orc:2    | Found a staircase to the Elven Halls.
 19585 | Orc:2    | Found Zenem's Antique Weapon Shoppe.
 19799 | Orc:2    | Bought a potion of curing for 48 gold pieces
 19799 | Orc:2    | Bought a potion of haste for 160 gold pieces
 19799 | Orc:2    | Bought a potion of heal wounds for 80 gold pieces
 19799 | Orc:2    | Bought a potion of agility for 64 gold pieces
 19799 | Orc:2    | Bought a potion of might for 64 gold pieces
 19799 | Orc:2    | Bought a potion of curing for 48 gold pieces
 19799 | Orc:2    | Bought a potion of heal wounds for 80 gold pieces
 19829 | Orc:2    | Bought a wand of disintegration (18/24) for 308 gold pieces
 20057 | Lair:4   | Reached skill level 14 in Fighting
 20069 | Spider:1 | Entered Level 1 of the Spider Nest
 20189 | Spider:1 | Noticed Frances
 20239 | Spider:1 | Killed Frances
 20239 | Spider:1 | Reached skill level 10 in Shields
 20472 | Spider:1 | Received a gift from Trog
 20649 | Spider:1 | HP: 5/127 [entropy weaver/war axe (15)]
 20656 | Spider:1 | HP: 1/127 [worker ant (6)]
 21979 | Spider:1 | Noticed a ghost moth
 21992 | Spider:1 | Killed a ghost moth
 22130 | Spider:1 | Reached XP level 16. HP: 113/135 MP: 16/16
 22820 | Spider:2 | Noticed Arachne
 22839 | Spider:2 | Killed Arachne
 22839 | Spider:2 | Reached skill level 15 in Fighting
 23146 | Spider:2 | Received a gift from Trog
 23272 | Spider:2 | Noticed Aizul
 23298 | Spider:2 | Killed Aizul
 24255 | Spider:3 | Noticed Mara
 24740 | Spider:3 | Noticed Eucla's illusion
 24884 | Spider:3 | Killed Mara
 24901 | Spider:3 | Noticed Roxanne
 25282 | Spider:3 | Received a gift from Trog
 25355 | Spider:3 | Killed Roxanne
 25687 | Spider:4 | Entered Level 4 of the Spider Nest
 25925 | Spider:4 | HP: 6/137 [entropy weaver (16)]
 25934 | Spider:4 | Demolished by a wolf spider

Skill      XL: |  1  2  3  4  5  6  7  8  9 10 11 12 13 14 15 16 |
---------------+-------------------------------------------------+-----
Fighting       | 4 5 6 7 8 9 10 11 12 13 14 15 | 15.6
Long Blades    | 4 5 6 7 8 9 10 | 10.0
Dodging        | 4 5 7 8 9 10 11 13 14 | 14.2
Polearms       | 4 6 9 11 13 14 | 14.0
Shields        | 2 5 8 10 12 | 12.6

Action                   |  1- 3 |  4- 6 |  7- 9 | 10-12 | 13-15 | 16-18 || total
-------------------------+-------+-------+-------+-------+-------+-------++-------
Melee: Falchion          |    42 |    38 |       |       |       |       ||    80
       Constrict         |    14 |    18 |    33 |    67 |   194 |    73 ||   399
       Tentacles         |     4 |    15 |    39 |   118 |   436 |   152 ||   764
       Scimitar          |       |    12 |    62 |       |       |       ||    74
       Lance             |       |       |   119 |   521 |  1536 |   488 ||  2664
       Peck              |       |       |       |   137 |   424 |   157 ||   718
Invok: Berserk           |       |     2 |     6 |    14 |     8 |     4 ||    34
       Trog's Hand       |       |       |     2 |     1 |     5 |     5 ||    13
       Brothers in Arms  |       |       |       |     1 |     2 |     2 ||     5
       Burn Spellbooks   |       |       |       |     1 |     1 |     2 ||     4
Evoke: Wand              |       |       |       |     5 |     8 |     3 ||    16
  Use: Scroll            |       |    12 |     1 |    15 |    10 |     5 ||    43
       Potion            |       |       |       |     4 |     4 |     2 ||    10
 Stab: Sleeping          |     2 |     4 |    13 |     6 |    17 |     7 ||    49
       Distracted        |       |       |       |     1 |     6 |     1 ||     8
       Held in net/web   |       |       |       |       |     1 |       ||     1
  Eat: Fruit             |       |     2 |       |     9 |     8 |       ||    19
       Royal jelly       |       |     1 |     1 |     2 |     6 |       ||    10
       Chunk             |       |     1 |     6 |     5 |     2 |       ||    14
       Bread ration      |       |       |     2 |     1 |       |     4 ||     7
       Beef jerky        |       |       |       |     2 |     2 |     2 ||     6
       Meat ration       |       |       |       |     2 |     3 |       ||     5
       Pizza             |       |       |       |     1 |     5 |       ||     6
Armor: Skin              |     2 |     1 |     2 |    37 |    59 |    20 ||   121
Dodge: Dodged            |    22 |    40 |   127 |   329 |   638 |   249 ||  1405
Block: Shield            |       |       |       |     9 |   453 |    67 ||   529
       Large shield      |       |       |       |       |       |   158 ||   158
       Rpst.: Falchion   |     9 |     8 |       |       |       |       ||    17
       Scimitar          |       |     7 |    11 |       |       |       ||    18
